 Dungeon Crawl Stone Soup version 0.13-a0-2700-g8dc4729 (webtiles) character file.

124 M4edhros the Charlatan (level 3, 0/24 HPs)
             Began as an Octopode Artificer on Aug 15, 2013.
             Slain by an inept fountain mimic (6 damage)
             ... on Level 3 of the Dungeon.
             The game lasted 00:01:09 (948 turns).

M4edhros the Charlatan (Octopode Artificer)          Turns: 948, Time: 00:01:10

HP   0/24        AC  1     Str 10      XL: 3   Next: 64%
MP   5/5         EV 12     Int 15      God:
Gold 79          SH  0     Dex 12      Spells:  0 memorised,  2 levels left

Res.Fire  : . . .   See Invis. : .   a - +0 short sword
Res.Cold  : . . .   Warding    : .   (no shield)
Life Prot.: . . .   Conserve   : .   (helmet restricted)
Res.Poison: .       Res.Corr.  : .   (no amulet)
Res.Elec. : .       Clarity    : .   (no ring)
Sust.Abil.: . .     Spirit.Shd : .   (no ring)
Res.Mut.  : .       Stasis     : .   (no ring)
Res.Rott. : .       Flight     : .   (no ring)
Saprovore : . . .                    (no ring)
                                     (no ring)
                                     (no ring)
                                     (no ring)

@: held, not resistant to hostile enchantments, stealthy
A: almost no armour, amphibious, 8 rings, constrict 8, camouflage 1, AC +1
a: no special abilities


You were on level 3 of the Dungeon.
You were not hungry.

You visited 1 branch of the dungeon, and saw 3 of its levels.

You collected 59 gold pieces.

Inventory:

Hand weapons
 a - a +0,+0 short sword (weapon)
Magical devices
 b - a wand of flame (11)
 c - a wand of enslavement (15)
 d - a wand of random effects (15)
Comestibles
 f - a bread ration
Scrolls
 g - a scroll of noise {unknown}
 i - a scroll of teleportation {unknown}
Jewellery
 j - an uncursed amulet of resist corrosion {unknown}
Potions
 e - a potion of mutation {unknown}
 h - 2 potions of restore abilities {unknown}


   Skills:
 - Level 1.0 Fighting
 - Level 1.0 Short Blades
 - Level 2.0 Dodging
 - Level 1.3 Stealth
 + Level 5.2 Evocations


You had 2 spell levels left.
You didn't know any spells.

Dungeon Overview and Level Annotations

Branches:
Dungeon (3/27)

Altars:
Xom


Innate Abilities, Weirdness & Mutations

You cannot wear most types of armour.
You are amphibious.
You can wear up to eight rings at the same time.
You can use your tentacles to constrict many enemies at once.
Your skin changes colour to match your surroundings (Stlth).
Your rubbery body absorbs attacks (AC +1).


Message History

You squeeze the giant newt.
You kill the giant newt!
A dart hits the inept fountain mimic, but does no damage!
A dart hits the hobgoblin!
The hobgoblin dies!
The inept fountain mimic misses you. The inept fountain mimic grabs you.
There is a stone staircase leading up here.
You hit the inept fountain mimic but do no damage.
You squeeze the inept fountain mimic, but do no damage.
The inept fountain mimic is heavily damaged.
The inept fountain mimic splashes you.
* * * LOW HITPOINT WARNING * * *
Evoke which item? (* to show all) (? for menu, Esc to quit)
Zapping:
b - a wand of flame (12)
Press: ? - help, Shift-Dir - straight line, f - inept fountain mimic
Aim: an inept fountain mimic (heavily damaged, holding you)
The puff of flame hits the inept fountain mimic.
The inept fountain mimic is severely damaged.
This wand has 11 charges left.
The inept fountain mimic splashes you.
You die...

#........<...# #
#.####.......# .####.#
#...........
#.##.####.......#### ≈
≈.#.....#......## ##.
#.#.....#......# ≈#.#
#⌠#.....#......# ..≈(#
##.#...(.#.......
#≈.≈...##...⌠@...#......#
#.#..#⌠.^###..........
##≈.≈⌠#.#.##......... #_.
... .≈#.....)... . ##§§
.###.###.### §#§ ≈≈##..
.# ##.# .####.# # ≈ ## .#
. .


You could see an inept fountain mimic.

Vanquished Creatures
  2 adders (D:2)
  A giant cockroach (D:1)
  4 hobgoblins
  4 jackals (D:1)
  5 kobolds
  A quokka (D:2)
  2 bats
  2 giant newts
  2 goblins
  3 rats
26 creatures vanquished.

Vanquished Creatures (others)
  A hobgoblin (D:3)
1 creature vanquished.

Grand Total: 27 creatures vanquished

Notes
Turn   | Place    | Note
--------------------------------------------------------------
     0 | D:1      | M4edhros, the Octopode Artificer, began the quest for the Orb.
     0 | D:1      | Reached XP level 1. HP: 14/14 MP: 1/1
    47 | D:1      | Reached skill level 4 in Evocations
    47 | D:1      | Reached XP level 2. HP: 5/19 MP: 3/3
   487 | D:2      | Reached XP level 3. HP: 12/24 MP: 5/5
   575 | D:2      | Reached skill level 5 in Evocations
   934 | D:3      | Found a shimmering altar of Xom.
   948 | D:3      | Slain by an inept fountain mimic

Action                   || total
-------------------------++-------
Melee: Short sword       ||    66
Evoke: Wand              ||     4
 Stab: Sleeping          ||     3
